[Event "Titled Tuesday Blitz June 07 Early 2022"]
[White "Ambartsumova, Karina"]
[Black "Bortnyk, Mykola"]
[WhiteFideId "4166299"]
[BlackFideId "14120836"]
[WhiteElo "2262"]
[BlackElo "2582"]
[Result "0-1"]
[Round "03"]
[TimeControl "180+1"]
[Date "2022.06.08"]
[WhiteClock "0:00:06"]
[BlackClock "0:00:13"]

1. d4 d5 2. c4 e6 3. Nf3 Nf6 4. Nc3 Bb4 5. Bg5 Nbd7 6. cxd5 exd5 7. e3 c5 8. Bd3 h6 9. Bh4 cxd4 10. Nxd4 Nc5 11. Bb5+ Bd7 12. Bxd7+ Ncxd7 13. O-O Bxc3 14. bxc3 O-O 15. Nf5 Rc8 16. Rc1 Rc6 17. Qd4 b6 18. Rfd1 Rc4 19. Qd3 Ne5 20. Qe2 Kh7 21. Bg3 Ng6 22. Qd3 Ra4 23. Rc2 Re8 24. h4 Qd7 25. Nd6 Re6 26. Nf5 Ree4 27. Nd4 Kh8 28. f3 Re8 29. Nf5 Ne5 30. Bxe5 Rxe5 31. Nd4 Qe8 32. Re2 a6 33. Rde1 Rc4 34. Qd2 b5 35. Qd3 Qd7 36. Kh2 Qc7 37. Kg1 Rxc3 38. Qd2 Rc4 39. Nb3 Rh5 40. f4 Rxh4 41. Nd4 Qd7 42. Nf3 Ne4 43. Qd3 Rh5 44. Ne5 Rxe5 45. fxe5 Qe6 46. Rf1 Kg8 47. Ree1 Qxe5 48. Qd1 Rc6 49. Qg4 Re6 50. Qf5 Qxf5 51. Rxf5 Nf6 52. Rf4 Kf8 53. Rd4 Rc6 54. Kf2 Ke7 55. Re2 Ke6 56. Kf3 Ne4 57. g4 g6 58. Rh2 Ng5+ 59. Kf4 Kd6 60. Rxh6 Ne6+ 61. Kf3 Nxd4+ 62. exd4 Rc3+ 63. Kf4 Rd3 64. Kg5 Rxd4 65. Rh7 Ke6 66. Rh8 Ra4 67. Re8+ Kd7 68. Re5 Kd6 69. Re8 f5 70. gxf5 gxf5 71. Kxf5 Rxa2 72. Rd8+ Kc5 73. Ke5 Re2+ 74. Kf4 b4 75. Rc8+ Kd4 76. Kf3 Re3+ 77. Kf2 Rc3 78. Rb8 b3 79. Rb4+ Kd3 80. Rb6 Kc2 81. Ke2 b2 82. Rxa6 b1=Q 0-1


[Site "https://www.chess.com"]

[Event "Titled Tuesday Blitz June 07 Early 2022"]
[White "Andreikin, Dmitry"]
[Black "Beerdsen, Thomas"]
[WhiteFideId "4158814"]
[BlackFideId "1030108"]
[WhiteElo "2736"]
[BlackElo "2585"]
[Result "1-0"]
[Round "03"]
[TimeControl "180+1"]
[Date "2022.06.07"]
[WhiteClock "0:01:43"]
[BlackClock "0:00:46"]

1. Nf3 Nf6 2. g3 g6 3. b3 b6 4. Bb2 Bg7 5. Bg2 Bb7 6. O-O c5 7. c4 O-O 8. d4 cxd4 9. Qxd4 Nc6 10. Qd2 d5 11. Na3 Ne4 12. Qc1 Bxb2 13. Qxb2 dxc4 14. Nxc4 Rc8 15. Rac1 Nd6 16. Ne3 Qd7 17. h4 h5 18. Ng5 Na5 19. Bh3 e6 20. Qf6 Qd8 21. Qf4 Qe7 22. Rxc8 Rxc8 23. Rd1 e5 24. Qb4 Rc5 25. Qd2 Ne4 26. Nxe4 Bxe4 27. b4 Rb5 28. bxa5 Rxa5 29. Bg2 Bxg2 30. Kxg2 Qb7+ 31. Nd5 Kg7 32. e4 Ra4 33. Qc2 Qa6 34. Qc6 Qe2 35. Qf6+ Kf8 36. Qh8# 1-0


[Site "https://www.chess.com"]

[Event "Titled Tuesday Blitz June 07 Early 2022"]
[White "Ansh M Shah"]
[Black "Tisaj, Domen"]
[WhiteFideId "25033379"]
[BlackFideId "14628708"]
[WhiteElo "1819"]
[BlackElo "2326"]
[Result "1-0"]
[Round "03"]
[TimeControl "180+1"]
[Date "2022.06.08"]
[WhiteClock "0:00:06"]
[BlackClock "0:00:10"]

1. d4 d5 2. c4 e6 3. Nf3 Nf6 4. g3 dxc4 5. Bg2 c6 6. O-O b5 7. a4 a6 8. Ne5 Bb7 9. Nc3 Be7 10. axb5 axb5 11. Rxa8 Bxa8 12. Nxb5 cxb5 13. Bxa8 O-O 14. Bg2 Qb6 15. e3 Nd5 16. Bd2 Rc8 17. Qg4 Nf6 18. Qf3 b4 19. Rc1 c3 20. bxc3 bxc3 21. Rxc3 Rxc3 22. Bxc3 Nbd7 23. Nxd7 Nxd7 24. d5 Qb1+ 25. Bf1 exd5 26. Qxd5 Nf8 27. Kg2 Qb8 28. Bc4 Ne6 29. Qe4 Qc8 30. Qg4 g6 31. Bxe6 Qxc3 32. Bd5 Qf6 33. Qc4 Kg7 34. h4 h5 35. Be4 Bd6 36. Qd5 Be5 37. Bd3 Bd6 38. Bc4 Be5 39. Qe4 Bd6 40. Qd5 Be5 41. Qb7 Bd6 42. Qd7 Be5 43. Bd5 Bd6 44. Bxf7 Qxf7 45. Qxd6 Qb7+ 46. Kh2 Qf3 47. Qf4 Qe2 48. Kg1 Kh7 49. Kg2 Qd1 50. Qf3 Qd2 51. Qe4 Qe2 52. Qd4 Qe1 53. e4 Qe2 54. Qe3 Qc4 55. e5 Qd5+ 56. Kh2 Qe6 57. Qf4 Kg7 58. Qf6+ Qxf6 59. exf6+ Kxf6 60. Kg2 Kf5 61. Kf3 Ke5 62. Ke3 Kf5 63. f3 Ke5 64. Kd3 Kd5 65. f4 Ke6 66. Ke4 Kf6 67. Kf3 Kf5 68. Ke3 Kg4 69. Kf2 Kh3 70. Kf3 Kh2 71. g4 Kh3 72. gxh5 gxh5 73. f5 Kxh4 74. f6 Kh3 75. f7 h4 76. f8=Q Kh2 77. Qg7 Kh1 78. Qg2# 1-0


[Site "https://www.chess.com"]

[Event "Titled Tuesday Blitz June 07 Early 2022"]
[White "Babazada, Khazar"]
[Black "Florescu, Codrut-Constantin"]
[WhiteFideId "13413554"]
[BlackFideId "1202200"]
[WhiteElo "2406"]
[BlackElo "2191"]
[Result "1-0"]
[Round "03"]
[TimeControl "180+1"]
[Date "2022.06.07"]
[WhiteClock "0:01:08"]
[BlackClock "0:00:37"]

1. e4 c5 2. Nf3 e6 3. d4 cxd4 4. Nxd4 a6 5. Bd3 Qc7 6. O-O Nf6 7. Qe2 d6 8. c4 b6 9. b3 Bb7 10. Bb2 Nbd7 11. Nc3 Be7 12. Kh1 h5 13. f4 g6 14. Nf3 Nc5 15. Bc2 Ncd7 16. Rae1 O-O-O 17. a4 h4 18. Ng5 Rdf8 19. Nh3 Kb8 20. e5 dxe5 21. fxe5 Nh5 22. Be4 Nc5 23. Bxb7 Qxb7 24. b4 Nd7 25. c5 bxc5 26. bxc5 Ka8 27. Ne4 Nxc5 28. Nd6 Bxd6 29. exd6 Rhg8 30. Ba3 Nd7 31. Rb1 Qc6 32. Rfc1 Qd5 1-0


[Site "https://www.chess.com"]

[Event "Titled Tuesday Blitz June 07 Early 2022"]
[White "Bharath Subramaniyam H"]
[Black "Mammadova, Gulnar"]
[WhiteFideId "46634827"]
[BlackFideId "13403508"]
[WhiteElo "2242"]
[BlackElo "2255"]
[Result "1-0"]
[Round "03"]
[TimeControl "180+1"]
[Date "2022.06.07"]
[WhiteClock "0:01:55"]
[BlackClock "0:01:21"]

1. d4 d5 2. Nf3 Nf6 3. c3 c5 4. dxc5 Nc6 5. e3 e5 6. b4 a6 7. Be2 Be7 8. a3 O-O 9. Bb2 h6 10. c4 e4 11. Nd4 Ne5 12. cxd5 Nxd5 13. Nd2 f5 14. Qb3 Kh7 15. Nc4 Ng6 16. Rd1 Qe8 17. Bh5 Bd7 18. Ne5 Nxe5 19. Bxe8 Raxe8 20. Qxd5 Bf6 21. O-O Ba4 22. Rd2 Nd3 23. Rxd3 exd3 24. Qxf5+ g6 25. Qxd3 Rd8 26. Rc1 1-0


[Site "https://www.chess.com"]

[Event "Titled Tuesday Blitz June 07 Early 2022"]
[White "Bilych, Olexiy"]
[Black "Martinez Alcantara, Jose Eduardo"]
[WhiteFideId "14156504"]
[BlackFideId "3805662"]
[WhiteElo "2189"]
[BlackElo "2703"]
[Result "0-1"]
[Round "03"]
[TimeControl "180+1"]
[Date "2022.06.07"]
[WhiteClock "0:00:12"]
[BlackClock "0:00:05"]

1. e4 c5 2. Nf3 d6 3. d4 cxd4 4. Nxd4 Nf6 5. Nc3 Nc6 6. Bg5 e6 7. Qd3 Bd7 8. O-O-O a6 9. Qg3 h6 10. Nxc6 Bxc6 11. Bf4 Nxe4 12. Nxe4 Bxe4 13. Bxd6 Bxd6 14. Rxd6 Qg5+ 15. Qxg5 hxg5 16. f3 Bd5 17. c4 Ke7 18. Rb6 Bc6 19. Be2 g4 20. Rb3 Rad8 21. Re3 Rd4 22. b3 f5 23. Bd1 f4 24. Re5 Kf6 25. Rhe1 Re8 26. Kc2 g5 27. a4 Rxd1 28. Kxd1 gxf3 29. gxf3 Bxf3+ 30. Kc2 Bg4 31. Kc3 Rh8 32. Rc5 Rxh2 33. Rg1 Bf5 34. Rc8 f3 35. Rf8+ Ke5 36. Re1+ Kf4 37. Rxe6 g4 38. Ref6 Rh5 39. Kd2 g3 40. Ke1 Ke5 41. R6f7 Rg5 42. Re7+ Kd4 43. Rd8+ Kc5 44. Re5+ Kb4 45. Rd1 f2+ 46. Kd2 g2 47. Ke2 g1=Q 0-1


[Site "https://www.chess.com"]

[Event "Titled Tuesday Blitz June 07 Early 2022"]
[White "Bluebaum, Matthias"]
[Black "Barp, Alberto"]
[WhiteFideId "24651516"]
[BlackFideId "872555"]
[WhiteElo "2556"]
[BlackElo "2229"]
[Result "1-0"]
[Round "03"]
[TimeControl "180+1"]
[Date "2022.06.07"]
[WhiteClock "0:01:26"]
[BlackClock "0:01:09"]

1. d4 Nf6 2. c4 e6 3. Nc3 Bb4 4. e3 O-O 5. Bd2 b6 6. Bd3 Bb7 7. Nf3 Bxc3 8. Bxc3 Ne4 9. Bxe4 Bxe4 10. d5 f6 11. Nd2 Bg6 12. h4 h6 13. Qg4 Qe8 14. h5 Bf5 15. Qf3 Na6 16. b4 exd5 17. cxd5 c6 18. O-O Bh7 19. Rfe1 Nc7 20. e4 Nb5 21. Bb2 cxd5 22. exd5 Qf7 23. Nc4 Kh8 24. a4 Nc7 25. Rad1 Bg8 26. Nd6 1-0


[Site "https://www.chess.com"]

[Event "Titled Tuesday Blitz June 07 Early 2022"]
[White "Bortnyk, Olexandr"]
[Black "Stankovic, Ivan G"]
[WhiteFideId "14120828"]
[BlackFideId "902837"]
[WhiteElo "2723"]
[BlackElo "2195"]
[Result "1-0"]
[Round "03"]
[TimeControl "180+1"]
[Date "2022.06.07"]
[WhiteClock "0:00:51"]
[BlackClock "0:00:08"]

1. d4 d5 2. Nc3 Nf6 3. Bf4 e6 4. Nb5 Na6 5. e3 c6 6. Nc3 Be7 7. Bxa6 bxa6 8. Nf3 c5 9. O-O O-O 10. Ne5 Bb7 11. Na4 cxd4 12. exd4 Rc8 13. c3 Qa5 14. b4 Qd8 15. Nc5 Bc6 16. Nxc6 Rxc6 17. Qa4 Qc8 18. f3 Nd7 19. Rfe1 Bd8 20. Rab1 a5 21. Kh1 axb4 22. cxb4 a5 23. b5 Nxc5 24. Qa3 Nd3 25. Qxd3 Rc3 26. Rec1 Rxd3 27. Rxc8 Bf6 28. Rxf8+ Kxf8 29. b6 Bxd4 30. b7 Ba7 31. b8=Q+ Bxb8 32. Rxb8+ Ke7 33. Kg1 Rd4 34. Be5 Ra4 35. Rb7+ Ke8 36. Bxg7 Rxa2 37. h4 a4 38. g4 a3 39. Ra7 d4 40. Bxd4 Rd2 41. Be3 Re2 42. Rxa3 1-0


[Site "https://www.chess.com"]

[Event "Titled Tuesday Blitz June 07 Early 2022"]
[White "Bryakin, Mikhail"]
[Black "Sochacki, Wojtek"]
[WhiteFideId "4165314"]
[BlackFideId "651389"]
[WhiteElo "2417"]
[BlackElo "2284"]
[Result "1-0"]
[Round "03"]
[TimeControl "180+1"]
[Date "2022.06.08"]
[WhiteClock "0:00:04"]
[BlackClock "0:00:03"]

1. d4 d5 2. c4 dxc4 3. Nf3 Nf6 4. e3 e6 5. Bxc4 a6 6. O-O c5 7. dxc5 Bxc5 8. Qxd8+ Kxd8 9. Be2 Nc6 10. b3 Ke7 11. Nc3 Rd8 12. Na4 Bd6 13. Nb6 Rb8 14. Bb2 Bd7 15. Rfd1 Be8 16. Rac1 Bb4 17. a3 Rxd1+ 18. Bxd1 Ba5 19. Nc4 Bc7 20. a4 b5 21. Nce5 Bxe5 22. Nxe5 Nxe5 23. Bxe5 Rb7 24. Bf3 Rd7 25. a5 Rd2 26. g4 Rd3 27. b4 Bd7 28. h4 g6 29. g5 Nd5 30. Bxd5 exd5 31. Bd4 Bg4 32. Kg2 Rd2 33. Rc7+ Ke6 34. Rc6+ Kf5 35. Kg3 Be2 36. f3 Rd1 37. Rf6# 1-0


[Site "https://www.chess.com"]

[Event "Titled Tuesday Blitz June 07 Early 2022"]
[White "Cardoso Cardoso, Jose Gabriel"]
[Black "Donchenko, Anatoly"]
[WhiteFideId "4430492"]
[BlackFideId "4106091"]
[WhiteElo "2485"]
[BlackElo "2339"]
[Result "1-0"]
[Round "03"]
[TimeControl "180+1"]
[Date "2022.06.07"]
[WhiteClock "0:00:05"]
[BlackClock "0:00:01"]

1. c4 e6 2. g3 d5 3. Nf3 Nf6 4. Bg2 Be7 5. O-O O-O 6. b3 b6 7. Bb2 Bb7 8. e3 c5 9. Qe2 Nc6 10. d3 Rc8 11. Nc3 dxc4 12. dxc4 Qc7 13. Ng5 Rfd8 14. Nce4 Nxe4 15. Nxe4 Ne5 16. Rad1 Ng6 17. h4 h6 18. Qg4 Bf8 19. h5 Ne7 20. Qf3 Nf5 21. Nf6+ gxf6 22. Qxb7 Qxb7 23. Bxb7 Rxd1 24. Rxd1 Rb8 25. Rd7 Ng7 26. Bxf6 Nxh5 27. Be5 Re8 28. g4 Bg7 29. Bxg7 Nxg7 30. Bc6 Rc8 31. Be4 f5 32. Bf3 a5 33. Kg2 fxg4 34. Bxg4 Rb8 35. Kg3 b5 36. cxb5 Rxb5 37. Rc7 a4 38. bxa4 Ra5 39. f4 Rxa4 40. Rxc5 Rxa2 41. Rc7 Ra3 42. Kf3 h5 43. Bh3 Kf8 44. Rc5 Kf7 45. Rc7+ Kf6 46. Rc6 Nf5 47. Bxf5 Kxf5 48. Rc5+ Kg6 49. Rg5+ Kf6 50. Rxh5 Ra1 51. Rh6+ Kf7 52. Ke4 Ra4+ 53. Kf3 Ra1 54. Rh2 Rf1+ 55. Rf2 Ra1 56. Rg2 Rb1 57. Kg4 Kf6 58. Kf3 Ra1 59. Rh2 Ra3 60. Rf2 Kf5 61. Re2 Rb3 62. Rg2 Kf6 63. Rg5 Rb1 64. Rc5 Rf1+ 65. Ke4 Ra1 66. Rc4 Ra5 67. Rd4 Rb5 68. Rd6 Rb4+ 69. Kd3 Kf5 70. Rd8 Rb3+ 71. Ke2 Ra3 72. Kf3 Kf6 73. Rf8+ Ke7 74. Rh8 Kf6 75. Rh5 Kf7 76. Rh6 Ke7 77. Ke4 Ra4+ 78. Kf3 Ra3 79. Kf2 Kf7 80. e4 Rb3 81. e5 Ra3 82. Rf6+ Ke7 83. Rg6 Rb3 84. Rg7+ Kf8 85. Rg3 Rb2+ 86. Kf3 Kf7 87. Kg4 Rb1 88. Kg5 Rb8 89. Rg4 Rg8+ 90. Kh4 Rh8+ 91. Kg3 Rh1 92. Rh4 Rg1+ 93. Kf2 1-0


[Site "https://www.chess.com"]

[Event "Titled Tuesday Blitz June 07 Early 2022"]
[White "Cervantes Landeiro, Thalia"]
[Black "Ovezdurdyyeva, Jemal"]
[WhiteFideId "3520498"]
[BlackFideId "14001888"]
[WhiteElo "2042"]
[BlackElo "1946"]
[Result "0-1"]
[Round "03"]
[TimeControl "180+1"]
[Date "2022.06.08"]
[WhiteClock "0:00:03"]
[BlackClock "0:00:19"]

1. d4 Nf6 2. c4 g6 3. Nc3 d5 4. cxd5 Nxd5 5. e4 Nxc3 6. bxc3 c5 7. Nf3 Bg7 8. Rb1 Nc6 9. Be3 cxd4 10. cxd4 Qa5+ 11. Qd2 Qxd2+ 12. Kxd2 O-O 13. Bb5 Bg4 14. Bxc6 bxc6 15. Rb7 Rfe8 16. Rc1 Red8 17. Rxc6 Bxf3 18. gxf3 Bxd4 19. Bxd4 Rxd4+ 20. Ke3 Ra4 21. Rxe7 Ra3+ 22. Kf4 Rxa2 23. Rcc7 Rf8 24. Kg3 a5 25. Ra7 h5 26. e5 h4+ 27. Kxh4 Rxf2 28. Kg3 Re2 29. Rxa5 Kg7 30. Raa7 Kg8 31. h4 Re1 32. Kg4 Re3 33. f4 Re1 34. Kg3 Re2 35. Kf3 Re1 36. Kf2 Re4 37. Kf3 Re1 38. Rab7 Rf1+ 39. Ke3 Re1+ 40. Kd4 Re2 41. Kd5 Re1 42. Rb4 Kg7 43. Re4 Rd1+ 44. Kc6 Kh6 45. e6 fxe6 46. R7xe6 Rg1 47. Rd6 Rg4 48. Ree6 Rfxf4 49. Kd7 Rd4 50. Rxd4 Rxd4+ 51. Ke7 Rxh4 52. Kf6 Rf4+ 53. Ke5 Rf1 54. Ra6 Kg5 55. Ra8 Re1+ 56. Kd4 Kg4 57. Rg8 g5 58. Kd3 Kf4 59. Kd2 Re6 60. Rf8+ Kg3 61. Rg8 g4 62. Kd3 Kf3 63. Rf8+ Kg2 64. Rg8 g3 65. Kd2 Kf2 66. Rf8+ Kg1 67. Rf3 g2 68. Rf8 Re5 69. Kd3 Kh2 70. Rh8+ Kg3 71. Rg8+ Kh3 72. Rh8+ Kg4 0-1


[Site "https://www.chess.com"]

[Event "Titled Tuesday Blitz June 07 Early 2022"]
[White "Chigaev, Maksim"]
[Black "Golubev, Mikhail"]
[WhiteFideId "4108116"]
[BlackFideId "14100983"]
[WhiteElo "2457"]
[BlackElo "2374"]
[Result "1-0"]
[Round "03"]
[TimeControl "180+1"]
[Date "2022.06.07"]
[WhiteClock "0:01:02"]
[BlackClock "0:00:11"]

1. Nf3 d6 2. e4 c5 3. c3 Nf6 4. g3 g6 5. Bg2 Nc6 6. d3 Bg7 7. O-O O-O 8. Re1 e5 9. a4 d5 10. Na3 h6 11. exd5 Nxd5 12. Nc4 Re8 13. Nfd2 Be6 14. a5 Qc7 15. Ne4 Bf8 16. Qa4 Rad8 17. Be3 Nxe3 18. Nf6+ Kg7 19. Nxe8+ Rxe8 20. Rxe3 Bd7 21. Qc2 Kg8 22. h4 Bg7 23. Ree1 Rd8 24. Qb3 Be6 25. Qb5 Rxd3 26. a6 Bxc4 27. Qxc4 Rd2 28. axb7 Rxb2 29. Qxc5 1-0


[Site "https://www.chess.com"]

[Event "Titled Tuesday Blitz June 07 Early 2022"]
[White "Demchenko, Anton"]
[Black "Lianes Garcia, Marcos"]
[WhiteFideId "4160258"]
[BlackFideId "32060777"]
[WhiteElo "2539"]
[BlackElo "2310"]
[Result "1-0"]
[Round "03"]
[TimeControl "180+1"]
[Date "2022.06.07"]
[WhiteClock "0:00:08"]
[BlackClock "0:00:07"]

1. e4 g6 2. d4 Bg7 3. Nf3 c5 4. dxc5 Qa5+ 5. c3 Qxc5 6. Na3 d6 7. Nb5 a6 8. Be3 Qc6 9. Nbd4 Qc7 10. Bd3 Nf6 11. O-O O-O 12. Bc2 Nc6 13. Re1 Bd7 14. h3 Rac8 15. Rc1 Ne5 16. Nxe5 dxe5 17. Nf3 Rfd8 18. Nd2 Bc6 19. Qe2 b5 20. f3 Nd7 21. Qf2 e6 22. Nb3 Bf8 23. Rcd1 a5 24. Nc1 a4 25. a3 Bb7 26. Bd3 Bc6 27. Na2 Rb8 28. Nb4 Qb7 29. Bf1 Be7 30. Rd2 Nf6 31. Red1 Rxd2 32. Qxd2 Be8 33. Qf2 Rc8 34. g4 Nd7 35. Qg3 f6 36. h4 h6 37. Bxh6 Nc5 38. Be3 Kg7 39. g5 Kf7 40. gxf6 Bxf6 41. Bg5 Bg7 42. Be2 Rc7 43. Rd8 Rd7 44. Rxd7+ Qxd7 45. Qf2 Bf8 46. Kg2 Kg8 47. Bf1 Nb3 48. Qe2 Bc5 49. Nd3 Bd6 50. Qf2 Kh7 51. Qg3 Qc7 52. Be3 Qg7 53. Qg5 Bd7 54. Kf2 Be8 55. Ke2 Na5 56. Bh3 Bf7 57. Qd8 Nc4 58. Bg4 Nxe3 59. Kxe3 Bf8 60. Ke2 Qh6 61. Qg5 Qg7 62. Qxe5 Qh6 63. Qg5 Qg7 64. Ne5 Be8 65. h5 Qc7 66. hxg6+ Kg7 67. Bxe6 Qc5 68. Bd5 Be7 69. Qf5 Bf6 70. Ng4 Qe7 71. Qxf6+ Qxf6 72. Nxf6 Kxf6 73. f4 Bxg6 74. Ke3 Be8 75. Kd4 1-0


[Site "https://www.chess.com"]

[Event "Titled Tuesday Blitz June 07 Early 2022"]
[White "Deuer, Marius"]
[Black "Jaracz, Pawel"]
[WhiteFideId "16236432"]
[BlackFideId "1102222"]
[WhiteElo "2091"]
[BlackElo "2459"]
[Result "1-0"]
[Round "03"]
[TimeControl "180+1"]
[Date "2022.06.08"]
[WhiteClock "0:00:16"]
[BlackClock "0:00:03"]

1. e4 c5 2. Nf3 Nc6 3. d4 cxd4 4. Nxd4 Nf6 5. Nc3 e5 6. Ndb5 d6 7. Bg5 a6 8. Bxf6 gxf6 9. Na3 Bg7 10. Nc4 Nd4 11. Nd5 O-O 12. c3 Nc6 13. Ndb6 Rb8 14. Qxd6 Be6 15. O-O-O f5 16. Qxd8 Rfxd8 17. Bd3 fxe4 18. Bxe4 f5 19. Bd5 Kf7 20. Rhe1 Bxd5 21. Nxd5 b5 22. Nce3 Bh6 23. Kb1 Bxe3 24. Nxe3 Ke6 25. a3 a5 26. Kc2 b4 27. axb4 axb4 28. Rxd8 Rxd8 29. Nc4 f4 30. g3 Kf5 31. Ra1 bxc3 32. bxc3 Rd5 33. Ra6 Rc5 34. Nd6+ Kg4 35. Kb3 Kf3 36. Ra4 Rd5 37. Ne4 Rd1 38. Ng5+ Kg4 39. Ne6 Kf5 40. Nc5 Rd2 41. Ne4 Re2 42. Nd6+ Kg4 43. Ne4 Kf3 44. Ng5+ Kxf2 45. gxf4 h6 46. Ne6 e4 47. Nd4 Re1 48. Nxc6 e3 49. Nd4 Rd1 50. Ra2+ Kg1 51. Kc4 Rf1 52. f5 Rf2 53. Re2 Kf1 54. Rxe3 Rxh2 55. Rf3+ Kg2 56. f6 1-0


[Site "https://www.chess.com"]

[Event "Titled Tuesday Blitz June 07 Early 2022"]
[White "Di Nicolantonio, Lucas"]
[Black "Xu, Yi"]
[WhiteFideId "680460"]
[BlackFideId "8605564"]
[WhiteElo "2381"]
[BlackElo "2471"]
[Result "0-1"]
[Round "03"]
[TimeControl "180+1"]
[Date "2022.06.07"]
[WhiteClock "0:02:07"]
[BlackClock "0:02:16"]

1. d4 Nf6 2. Bg5 d5 3. Bxf6 gxf6 4. e3 c5 5. dxc5 Nc6 6. Nc3 e6 7. Na4 Qa5+ 8. c3 b5 9. cxb6 axb6 10. b3 b5 11. Nb2 Qxc3+ 12. Qd2 Bb4 0-1


[Site "https://www.chess.com"]

[Event "Titled Tuesday Blitz June 07 Early 2022"]
[White "Drygalov, Andrey"]
[Black "Volkov, Maksim"]
[WhiteFideId "24171735"]
[BlackFideId "54123070"]
[WhiteElo "2540"]
[BlackElo "2155"]
[Result "1/2-1/2"]
[Round "03"]
[TimeControl "180+1"]
[Date "2022.06.07"]
[WhiteClock "0:00:02"]
[BlackClock "0:00:14"]

1. e4 c5 2. Nf3 d6 3. d4 cxd4 4. Nxd4 Nf6 5. Nc3 a6 6. Be3 e5 7. Nb3 Be7 8. f3 Be6 9. Qd2 h5 10. O-O-O Nbd7 11. Kb1 Rc8 12. Nd5 Nxd5 13. exd5 Bf5 14. Bd3 Bxd3 15. Qxd3 Bg5 16. Bf2 Bh6 17. h4 Qc7 18. g4 hxg4 19. fxg4 Bf4 20. h5 Qc4 21. Qxc4 Rxc4 22. Na5 Rc7 23. c4 Nf6 24. Rhg1 Ne4 25. Be1 Kd7 26. Bb4 Nf2 27. Rdf1 Nd3 28. Bc3 Re8 29. g5 Kc8 30. Rg4 Nc5 31. Re1 Rh8 32. h6 f5 33. Rxf4 exf4 34. Bxg7 Rg8 35. Rf1 Rcxg7 36. hxg7 Rxg7 37. Rxf4 Rxg5 38. b4 Nd3 39. Rh4 Rg7 40. a3 Kc7 41. Kc2 Ne5 42. c5 b6 43. cxb6+ Kxb6 44. Rh6 Kc7 45. Rf6 Rg2+ 46. Kb3 Rg3+ 47. Ka4 Rf3 48. Rh6 f4 49. Rh7+ Kc8 50. Rh6 Kc7 51. Rh7+ Kc8 52. Nb7 Nc4 53. b5 axb5+ 54. Kxb5 Nxa3+ 55. Kc6 Rc3+ 56. Kxd6 Nb5+ 57. Ke5 f3 58. d6 Rd3 59. Rf7 f2 60. Nc5 Rxd6 61. Rxf2 Rd1 62. Rf7 Nc7 63. Rf8+ Rd8 64. Rxd8+ Kxd8 1/2-1/2


[Site "https://www.chess.com"]

[Event "Titled Tuesday Blitz June 07 Early 2022"]
[White "Drygalov, Sergey"]
[Black "Yaksin, Oleg"]
[WhiteFideId "24171743"]
[BlackFideId "24105880"]
[WhiteElo "2514"]
[BlackElo "2256"]
[Result "1-0"]
[Round "03"]
[TimeControl "180+1"]
[Date "2022.06.07"]
[WhiteClock "0:01:13"]
[BlackClock "0:00:06"]

1. d4 Nf6 2. c4 e6 3. Nf3 b6 4. g3 Bb7 5. Bg2 Be7 6. O-O O-O 7. h4 a5 8. Nc3 Na6 9. d5 Nc5 10. Nd4 exd5 11. cxd5 Re8 12. e4 Bf8 13. Re1 d6 14. g4 g6 15. g5 Nfd7 16. f4 Bg7 17. Be3 Qe7 18. Bf2 Qf8 19. Nc6 f6 20. Qf3 Nb8 21. gxf6 Qxf6 22. e5 Qf8 23. Nb5 dxe5 24. fxe5 Bxc6 25. dxc6 Qe7 26. Rad1 Nba6 27. e6 Kh8 28. Rd7 Nxd7 29. cxd7 Rf8 30. Qxa8 Rxa8 31. Bxa8 Bf6 32. Rd1 Qd8 33. Bd5 Nc5 34. Na7 Qf8 35. Nc6 Qg7 36. e7 Bxe7 37. Bd4 Bf6 38. Bxf6 Qxf6 39. d8=Q+ Qxd8 40. Nxd8 1-0


[Site "https://www.chess.com"]

[Event "Titled Tuesday Blitz June 07 Early 2022"]
[White "Goldin, Roman"]
[Black "Martin Carmona, Gaston Manuel"]
[WhiteFideId "2803860"]
[BlackFideId "22284567"]
[WhiteElo "2312"]
[BlackElo "2162"]
[Result "0-1"]
[Round "03"]
[TimeControl "180+1"]
[Date "2022.06.08"]
[WhiteClock "0:00:03"]
[BlackClock "0:00:06"]

1. e4 c5 2. Nf3 d6 3. Bc4 e6 4. d3 Nf6 5. O-O a6 6. a3 Be7 7. Ba2 O-O 8. Nc3 b5 9. Ng5 Nc6 10. f4 Nd4 11. Ne2 h6 12. Nh3 Bb7 13. Nxd4 cxd4 14. g4 Nh7 15. Qe2 Rc8 16. Bb3 g5 17. Rf2 Kg7 18. Bd2 e5 19. fxg5 hxg5 20. Rf5 f6 21. Nf2 d5 22. exd5 Bxd5 23. Ba5 Qd7 24. Bxd5 Qxd5 25. Ne4 Rh8 26. Raf1 Rc6 27. Bb4 Bd8 28. R1f2 Nf8 29. Qf3 Ng6 30. Nxg5 Qxf3 31. Nxf3 Nf4 32. Kf1 a5 33. Be1 Nd5 34. Bd2 Rxc2 35. g5 Rxd2 36. Nxd2 Ne3+ 37. Kg1 Nxf5 38. Rxf5 Kg6 39. Rf2 Kxg5 40. Ne4+ Kg6 41. Nd6 Rh3 42. Nxb5 Rxd3 43. Nd6 Rb3 44. Rg2+ Kh7 45. Rc2 d3 46. Rd2 Bb6+ 47. Kf1 Kg6 48. Nc4 Bd4 49. Nxa5 Rxb2 50. Rxd3 Rxh2 51. Nc6 Bc5 52. a4 Ra2 53. Rc3 Bd4 54. Rc4 Bb6 55. Rb4 Bc5 56. Rc4 Bb6 57. Rb4 Bc7 58. Rc4 Kg5 59. Ne7 Ba5 60. Nc6 Bc7 61. Ne7 Bd6 62. Nc8 Bf8 63. Nb6 f5 64. Nd7 Bd6 65. Rc6 Rd2 66. a5 Bb4 67. a6 Rxd7 68. Rb6 Bc5 69. Rb7 Rxb7 0-1


[Site "https://www.chess.com"]

[Event "Titled Tuesday Blitz June 07 Early 2022"]
[White "Gunina, Valentina"]
[Black "Suich, Peter D"]
[WhiteFideId "4167570"]
[BlackFideId "2050366"]
[WhiteElo "2386"]
[BlackElo "2430"]
[Result "1-0"]
[Round "03"]
[TimeControl "180+1"]
[Date "2022.06.07"]
[WhiteClock "0:00:11"]
[BlackClock "0:00:13"]

1. d4 d5 2. c4 c6 3. Nf3 Nf6 4. Nc3 dxc4 5. e4 b5 6. Be2 e6 7. a4 b4 8. e5 bxc3 9. exf6 gxf6 10. bxc3 Qd5 11. O-O Rg8 12. Bf4 Nd7 13. Bg3 c5 14. Nd2 Rxg3 15. hxg3 Rb8 16. Bf3 Qf5 17. Nxc4 Ba6 18. Be2 cxd4 19. Qxd4 Bxc4 20. Bxc4 Bc5 21. Qd3 Qg6 22. Rfd1 Ne5 23. Bb5+ Kf8 24. Qxg6 hxg6 25. Ra2 Ke7 26. Kf1 Rh8 27. f4 Rh1+ 28. Ke2 Rxd1 29. Kxd1 Ng4 30. Rd2 f5 31. Ke2 Ne3 32. Rd7+ Kf6 33. Rb7 Nd5 34. c4 Nc3+ 35. Kf3 Ne4 36. g4 g5 37. gxf5 exf5 38. fxg5+ Nxg5+ 39. Ke2 Ne4 40. Rc7 Bb6 41. Rc6+ Ke5 42. Rc8 f4 43. Kf3 f5 44. Re8+ Kd4 45. Rf8 Bc7 46. Rxf5 Nc3 47. Rf7 Bb6 48. Rxf4+ Kc5 49. g4 Nb1 50. g5 Nd2+ 51. Ke2 Bc7 52. Rf5+ 1-0


[Site "https://www.chess.com"]

[Event "Titled Tuesday Blitz June 07 Early 2022"]
[White "Harvey, Marcus R"]
[Black "Grischuk, Alexander"]
[WhiteFideId "400092"]
[BlackFideId "4126025"]
[WhiteElo "2485"]
[BlackElo "2762"]
[Result "1/2-1/2"]
[Round "03"]
[TimeControl "180+1"]
[Date "2022.06.07"]
[WhiteClock "0:01:21"]
[BlackClock "0:00:24"]

1. e4 e6 2. d4 d5 3. e5 c5 4. c3 Nc6 5. Nf3 Qb6 6. a3 c4 7. Nbd2 Na5 8. Rb1 Bd7 9. Qc2 Ne7 10. h4 h6 11. Be2 Qc7 12. Nf1 Nc8 13. Bd1 Nb6 14. Bf4 Ba4 15. Qe2 O-O-O 16. Ne3 Kb8 17. Bxa4 Nxa4 18. Qc2 Nb3 19. h5 Ka8 20. Bg3 Be7 21. Bh4 Nb6 22. Bxe7 Qxe7 23. Nh4 Rdg8 24. g4 Qe8 25. f4 g6 26. Kf2 gxh5 27. gxh5 f5 28. Ng6 Rh7 29. Rbg1 Rhg7 30. Rg3 a6 31. Rhg1 Ka7 32. Ke1 Nc8 33. Ng2 Ne7 34. N2h4 Qb5 35. R1g2 Nc6 36. Nf3 Qa5 37. Kf2 Qb6 38. Ke1 Qa5 39. Kf2 Qb6 40. Ke1 Qa5 1/2-1/2


[Site "https://www.chess.com"]

[Event "Titled Tuesday Blitz June 07 Early 2022"]
[White "Jaferian, Koosha"]
[Black "Dubov, Daniil"]
[WhiteFideId "12507440"]
[BlackFideId "24126055"]
[WhiteElo "2030"]
[BlackElo "2791"]
[Result "0-1"]
[Round "03"]
[TimeControl "180+1"]
[Date "2022.06.07"]
[WhiteClock "0:00:12"]
[BlackClock "0:01:40"]

1. Nf3 d5 2. b3 g6 3. Bb2 Nf6 4. c4 Bg7 5. g3 O-O 6. Bg2 b6 7. O-O Bb7 8. d3 c5 9. cxd5 Bxd5 10. Nbd2 Bb7 11. Nc4 Nc6 12. Nfe5 Rc8 13. Rc1 Qc7 14. Qd2 Nxe5 15. Bxe5 Qd7 16. Bxb7 Qxb7 17. Qb2 h5 18. h4 Rfd8 19. Rfd1 Rd7 20. d4 Rcd8 21. Ne3 Bh6 22. Bxf6 Bxe3 23. fxe3 exf6 24. Rf1 Qe4 25. Rf3 cxd4 26. exd4 Rxd4 27. Rcf1 f5 28. R1f2 Rd1+ 29. Kh2 Rb1 30. Qf6 Rdd1 0-1


[Site "https://www.chess.com"]